 Dungeon Crawl Stone Soup version 0.29.0-4-gdea44cf6ec (webtiles) character file.

Game seed: 7959945988284409590

17244 qw the Thrower (level 12, -7/68 HPs)
             Began as a Tengu Warper on Aug 28, 2022.
             Was an Elder of Okawaru.
             Mangled by a black mamba (9 damage)
             ... on level 2 of the Lair of Beasts.
             The game lasted 00:01:36 (14184 turns).

qw the Thrower (Tengu Warper)                      Turns: 14184, Time: 00:01:36

Health: -7/68      AC: 23    Str: 19    XL:     12   Next: 46%
Magic:  19/19      EV: 10    Int: 14    God:    Okawaru [****..]
Gold:   673        SH: 12    Dex: 15    Spells: 15/15 levels left

rFire   . . .      SeeInvis +   j - +7 broad axe of Generosity {vorpal, rElec rCorr Str+4}
rCold   . . .      Faith    .   d - +0 kite shield
rNeg    . . .      Spirit   .   v - +2 plate armour {Will+}
rPois   .          Reflect  .   (helmet restricted)
rElec   +          Harm     .   s - +2 cloak
rCorr   +          Rampage  .   h - +1 pair of gloves
Will    +....                   (boots unavailable)
Stlth   ..........              (no amulet)
HPRegen 0.21/turn               a - ring of see invisible
MPRegen 0.16/turn               t - +4 ring of slaying {mikee}

@: lethally poisoned (-7 -> -27), about to teleport, heroic, flying quickly and
evasively, quick
A: beak, talons 3, nimble flight
a: Renounce Religion, Heroism, Finesse


You were on level 2 of the Lair of Beasts.
You worshipped Okawaru.
Okawaru was greatly pleased with you.
You visited 2 branches of the dungeon, and saw 13 of its levels.

You collected 1435 gold pieces.
You spent 762 gold pieces at shops.


Innate Abilities, Weirdness & Mutations

You have a beak for a mouth.
You have claws for feet.
Your magical nature lets you fly swiftly and evasively.


   Skills:
 - Level 5.1(10.1) Fighting
 + Level 11.4(16.4) Axes
 - Level 11.8(16.8) Throwing
 - Level 6.0(11.0) Armour
 - Level 4.0(9.0) Dodging
 - Level 7.1(12.1) Shields
 - Level 2.0 Spellcasting
 - Level 2.4 Translocations
 + Level 8.3 Invocations


You had 15 spell levels left.
You didn't know any spells.
Your spell library contained the following spells:

 Spells                   Type           Power      Damage    Failure   Level
 Blink                    Tloc           16%        N/A       99%         2
 Gell's Gravitas          Tloc           8%         N/A       100%        3
 Lesser Beckoning         Tloc           8%         N/A       100%        3
 Teleport Other           Tloc           8%         N/A       100%        3
 Manifold Assault         Tloc           8%         N/A       100%        5

Inventory:

Hand Weapons
 j - the +7 broad axe of Generosity (weapon) {vorpal, rElec rCorr Str+4}
   (You acquired it on level 4 of the Dungeon)

   It inflicts extra damage upon your enemies.
   Str:       It affects your strength (+4).
   rElec:     It insulates you from electricity.
   rCorr:     It protects you from acid and corrosion.
 o - a +1 flail of draining
Missiles
 g - a boomerang
 w - 4 javelins (quivered)
Armour
 d - a +0 kite shield (worn)
 h - a +1 pair of gloves (worn)
 s - a +2 cloak (worn)
 v - a +2 plate armour of willpower (worn)
Jewellery
 a - a ring of see invisible (left hand)
 t - a +4 ring of slaying (right hand) {mikee}
 Y - a +6 ring of dexterity
Scrolls
 e - a scroll of enchant weapon
 f - 10 scrolls of identify
 l - 5 scrolls of teleportation
Potions
 b - 2 potions of mutation
 c - a potion of resistance
 m - a potion of might
 n - 4 potions of heal wounds
 p - 5 potions of haste
 q - 7 potions of curing
 r - a potion of magic

Dungeon Overview and Level Annotations

Branches:
Dungeon (11/15)            Temple (0/1) D:7            Lair (2/5) D:11
    Orc (0/2) D:11
  Swamp: Lair:2-3    Shoals: Lair:2-3     Snake: Lair:2-3    Spider: Lair:2-3

Altars:
Ashenzari
Cheibriados
Dithmenos
Elyvilon
Fedhas
Gozag
Nemelex Xobeh
Okawaru
Ru
Uskayaw
Xom
The Shining One

Shops:
D:3 !   D:7 !

Annotations:
D:4 2 runed translucent doors, qw's ghost, novice TeWr
D:5 1 runed translucent door, Crazy Yiuf
D:8 3 runed translucent doors, qw's ghost, novice TeWr
D:9 1 runed translucent door, qw's ghost, novice TeWr
Lair:1 1 runed translucent door, qw's ghost, journeyman TeWr


Message History

You hit the seven-headed hydra. You claw the seven-headed hydra.
You peck the seven-headed hydra!
The seven-headed hydra is almost dead.
The black mamba bites you but does no damage.
The seven-headed hydra barely misses you.
The seven-headed hydra closely misses you.
The seven-headed hydra bites you.
The seven-headed hydra barely misses you.
You block the seven-headed hydra's attack.
The seven-headed hydra bites you but does no damage.
The seven-headed hydra bites you. The black mamba bites you!
You are poisoned.
The black mamba poisons you!
You sock the seven-headed hydra!
You kill the seven-headed hydra!
Okawaru accepts your kill. Okawaru grants you throwing weapons!
Something appears before you!
You feel very sick. You block the black mamba's attack.
The black mamba bites you.
14181 ||| SWAPPING to +7 broad axe of Generosity {vorpal, rElec rCorr Str+4}.
You feel stronger.
j - the +7 broad axe of Generosity (weapon)
{vorpal, rElec rCorr Str+4} You feel sick.
You hit the black mamba but do no damage.
You claw the black mamba. Your peck misses the black mamba.
The black mamba is lightly wounded.
You feel very sick. You block the black mamba's attack. x2
You closely miss the black mamba. Your kick misses the black mamba.
The black mamba is lightly wounded.
You feel very sick. The black mamba bites you!
You are more poisoned.
The black mamba poisons you! The black mamba closely misses you.
14184 ||| READING 6 scrolls of teleportation.
As you read the scroll of teleportation, it crumbles to dust.
You feel strangely unstable.
You feel very sick. The black mamba bites you!
You die...

# ####.
.(.. ...
#.##
##..#
###.S.##
#....@.#
##.....#
#.....#
#######


You could see a black mamba.

Vanquished Creatures
  A hydra (Lair:2)
  2 two-headed ogres (D:11)
  An ugly thing (D:10)
  2 cyclopes (D:11)
  A manticore (D:10)
  4 elephants (Lair:1)
  A black mamba (Lair:1)
  3 cane toads (Lair:1)
  An unseen horror (D:11)
  4 komodo dragons
  4 trolls
  A queen bee (D:11)
  A shadow (D:10)
  3 wyverns
  2 basilisks (Lair:1)
  3 steam dragons
  Menkaure (D:6)
  9 water moccasins
  2 black bears
  An orc warrior (D:10)
  A sky beast (D:8)
  An ice beast (D:6)
  2 ogres
  A centaur (D:10)
  2 phantoms
  A kobold brigand (D:7)
  5 bullfrogs
  3 gnoll sergeants
  6 scorpions
  A necrophage (D:8)
  4 wights (D:8)
  44 killer bees
  10 howler monkeys
  A lava snake (D:7)
  2 hounds
  3 jellies
  5 orc priests
  3 iguanas
  7 orc wizards
  A mummy (D:6)
  18 gnolls
  3 adders
  4 ufetubi
  A worm (D:4)
  4 dart slugs
  44 orcs
  9 endoplasms
  2 giant cockroaches (D:4)
  14 goblins
  21 hobgoblins
  3 jackals (D:2)
  19 kobolds
  4 quokkas
  4 ball pythons
  5 bats
  6 frilled lizards
  3 hobgoblin zombies (D:6)
  A kobold zombie (D:6)
  7 rats
322 creatures vanquished.

Vanquished Creatures (others)
  20 fungi (D:11)
  57 plants
77 creatures vanquished.

Grand Total: 399 creatures vanquished

Notes
Turn   | Place    | Note
-------+----------+-------------------------------------------
     0 | D:1      | qw the Tengu Warper began the quest for the Orb.
     0 | D:1      | Reached XP level 1. HP: 12/12 MP: 4/4
     0 | D:1      | 0 ||| qw: Version: 0.1-a-89-g26bdef1
     0 | D:1      | 0 ||| qw: Game counter: 2490
     0 | D:1      | 0 ||| qw: Always use a shield: true
     0 | D:1      | 0 ||| qw: God list: Okawaru
     0 | D:1      | 0 ||| qw: Allow faded altars: false
     0 | D:1      | 0 ||| qw: Do Orc after D:15 true
     0 | D:1      | 0 ||| qw: Do second Lair branch before Depths: true
     0 | D:1      | 0 ||| qw: Lair rune preference: random
     0 | D:1      | 0 ||| qw: Plans: Normal
     0 | D:1      | 0 ||| PLANNING D:1-11
   150 | D:1      | 150 ||| Stepping ~*~*~tactically~*~*~ (stealth).
   201 | D:1      | Reached XP level 2. HP: 17/17 MP: 6/6
   233 | D:1      | Reached skill level 3 in Axes
   242 | D:1      | 242 ||| Stepping ~*~*~tactically~*~*~ (hiding).
   243 | D:1      | 243 ||| Stepping ~*~*~tactically~*~*~ (stealth).
   244 | D:1      | 244 ||| Stepping ~*~*~tactically~*~*~ (stealth).
   245 | D:1      | 245 ||| Stepping ~*~*~tactically~*~*~ (stealth).
   251 | D:1      | 251 ||| Stepping ~*~*~tactically~*~*~ (stealth).
   262 | D:1      | Reached XP level 3. HP: 14/21 MP: 7/7
   274 | D:1      | 274 ||| Stepping ~*~*~tactically~*~*~ (stealth).
   275 | D:1      | 275 ||| Stepping ~*~*~tactically~*~*~ (stealth).
   277 | D:1      | 277 ||| Stepping ~*~*~tactically~*~*~ (stealth).
   284 | D:1      | 284 ||| Stepping ~*~*~tactically~*~*~ (stealth).
   378 | D:1      | 378 ||| Stepping ~*~*~tactically~*~*~ (stealth).
   661 | D:1      | 661 ||| UPGRADING to +0 buckler.
   666 | D:1      | 666 ||| DROPPING amulet of faith.
   667 | D:1      | 667 ||| DROPPING +6 ring of intelligence.
   668 | D:1      | 668 ||| READING 2 scrolls labelled ALECVAE KOAZISA.
   668 | D:1      | Identified 2 scrolls of acquirement
   668 | D:1      | 668 ||| ACQUIRING 767 gold pieces
   668 | D:1      | Acquired 767 gold pieces
   670 | D:1      | 670 ||| READING scroll of acquirement.
   670 | D:1      | 670 ||| ACQUIRING +4 ring mail of willpower
   670 | D:1      | Acquired a +4 ring mail of willpower
   672 | D:1      | 672 ||| UPGRADING to +4 ring mail of willpower.
   682 | D:1      | 682 ||| DROPPING +0 leather armour.
   683 | D:1      | 683 ||| READING 3 scrolls labelled IJOEBB WUCE.
   684 | D:1      | 684 ||| READING scroll labelled FEITEN FOBLOA.
   685 | D:1      | 685 ||| READING 2 scrolls labelled DEZXED ATEBOORA.
   689 | D:1      | 689 ||| READING scroll labelled UTOZIS USTRO.
   690 | D:1      | 690 ||| READING scroll labelled OHAECKO DOUDE.
   691 | D:1      | 691 ||| READING 2 scrolls labelled WAM USEC MOMY.
   692 | D:1      | 692 ||| DRINKING 2 green potions.
   693 | D:1      | 693 ||| READING 2 scrolls of identify.
   693 | D:1      | 693 ||| IDENTIFYING emerald potion
   694 | D:1      | 694 ||| DROPPING scroll of blinking.
   695 | D:1      | 695 ||| DROPPING scroll of poison.
   696 | D:1      | 696 ||| READING scroll of teleportation.
   825 | D:2      | Reached skill level 1 in Shields
   951 | D:2      | Noticed a great orb of eyes
   966 | D:2      | Found a faded altar of an unknown god.
   966 | D:2      | Noticed a golden eye
   972 | D:2      | Noticed a golden eye
   975 | D:2      | Noticed a shining eye
  1005 | D:2      | 1005 ||| Stepping ~*~*~tactically~*~*~ (hiding).
  1617 | D:2      | 1617 ||| READING scroll labelled GOCI EFYUXZA.
  1618 | D:2      | 1618 ||| READING scroll labelled JAMUOH YTI.
  1619 | D:2      | 1619 ||| DRINKING 2 lumpy white potions.
  1620 | D:2      | 1620 ||| READING 3 scrolls of identify.
  1620 | D:2      | 1620 ||| IDENTIFYING sedimented purple potion
  1621 | D:2      | 1621 ||| READING 2 scrolls of identify.
  1621 | D:2      | 1621 ||| IDENTIFYING dark potion
  1622 | D:2      | 1622 ||| DROPPING potion of attraction.
  1671 | D:3      | Reached XP level 4. HP: 26/26 MP: 8/8
  1702 | D:3      | Found Omacsuapt's Distillery.
  1707 | D:3      | 1707 ||| BUYING potion of curing (42 gold).
  1707 | D:3      | Bought a potion of curing for 42 gold pieces
  1707 | D:3      | 1707 ||| BUYING potion of heal wounds (70 gold).
  1707 | D:3      | Bought a potion of heal wounds for 70 gold pieces
  1707 | D:3      | 1707 ||| BUYING potion of heal wounds (70 gold).
  1707 | D:3      | Bought a potion of heal wounds for 70 gold pieces
  1707 | D:3      | 1707 ||| BUYING potion of heal wounds (70 gold).
  1707 | D:3      | Bought a potion of heal wounds for 70 gold pieces
  2020 | D:3      | Found a shadowy altar of Dithmenos.
  2299 | D:3      | Found an iron altar of Okawaru.
  2306 | D:3      | Became a worshipper of Warmaster Okawaru
  2443 | D:3      | 2443 ||| READING scroll labelled FANTUEZUTS.
  2444 | D:3      | 2444 ||| READING scroll labelled DETEUNG YWUC.
  2582 | D:3      | 2582 ||| DRINKING 2 coppery potions.
  2583 | D:3      | 2583 ||| READING 4 scrolls of identify.
  2583 | D:3      | 2583 ||| IDENTIFYING viscous dark potion
  2584 | D:3      | 2584 ||| DROPPING potion of brilliance.
  2585 | D:3      | 2585 ||| DROPPING potion of flight.
  2623 | D:4      | 2623 ||| STAIRDANCE
  2644 | D:4      | HP: 6/26 [gnoll/+0 spear (7)]
  2645 | D:4      | 2645 ||| DRINKING 4 potions of heal wounds.
  2651 | D:4      | Noticed a phantom
  2654 | D:4      | Gained mutation: Your magical nature lets you fly swiftly
                  | and evasively. [Tengu growth]
  2654 | D:4      | Reached XP level 5. HP: 18/30 MP: 9/9
  2656 | D:4      | HP: 7/30 [gnoll/+0 spear (2)]
  2657 | D:4      | 2657 ||| DRINKING 3 potions of heal wounds.
  2666 | D:4      | HP: 4/30 [gnoll/+0 spear (4)]
  2667 | D:4      | 2667 ||| DRINKING 2 potions of heal wounds.
  2669 | D:4      | Killed a phantom
  2670 | D:4      | Reached skill level 6 in Axes
  2702 | D:4      | 2702 ||| DROPPING +0 whip.
  2826 | D:4      | 2826 ||| READING scroll of brand weapon.
  2826 | D:4      | 2826 ||| BRANDING +0 vorpal hand axe.
  2982 | D:4      | 2982 ||| READING scroll of acquirement.
  2982 | D:4      | 2982 ||| ACQUIRING +7 broad axe of Generosity {vorpal,
                  | rElec rCorr Str+4}
  2982 | D:4      | Acquired the +7 broad axe of Generosity {vorpal, rElec
                  | rCorr Str+4}
  2984 | D:4      | 2984 ||| SWAPPING to +7 broad axe of Generosity {vorpal,
                  | rElec rCorr Str+4}.
  2985 | D:4      | 2985 ||| DROPPING +0 hand axe of freezing.
  2995 | D:4      | Reached XP level 6. HP: 35/35 MP: 10/10
  3055 | D:4      | Found a large runed translucent door.
  3055 | D:4      | Found a large runed translucent door.
  3059 | D:4      | Noticed qw's ghost (novice TeWr)
  3078 | D:4      | Reached * piety under Okawaru
  3083 | D:4      | Reached skill level 1 in Invocations
  3146 | D:4      | 3146 ||| Stepping ~*~*~tactically~*~*~ (hiding).
  3485 | D:4      | 3485 ||| INVOKING Heroism.
  3489 | D:4      | Reached XP level 7. HP: 35/40 MP: 8/11
  3601 | D:4      | 3601 ||| UPGRADING to ring of positive energy.
  3602 | D:4      | 3602 ||| READING scroll labelled YTSOYNITEL.
  3603 | D:4      | 3603 ||| READING scroll labelled WAOHEMNUREG.
  3631 | D:5      | Entered Level 5 of the Dungeon
  3631 | D:5      | Found a white marble altar of Elyvilon.
  3641 | D:5      | 3641 ||| Stepping ~*~*~tactically~*~*~ (hiding).
  3652 | D:5      | 3652 ||| INVOKING Heroism.
  3656 | D:5      | Reached skill level 3 in Fighting
  3656 | D:5      | 3656 ||| Stepping ~*~*~tactically~*~*~ (hiding).
  3667 | D:5      | 3667 ||| INVOKING Heroism.
  3959 | D:5      | Reached skill level 3 in Invocations
  4041 | D:5      | 4041 ||| Stepping ~*~*~tactically~*~*~ (stealth).
  4042 | D:5      | 4042 ||| Stepping ~*~*~tactically~*~*~ (stealth).
  4044 | D:5      | Reached ** piety under Okawaru
  4084 | D:5      | Reached XP level 8. HP: 46/46 MP: 12/12
  4126 | D:5      | 4126 ||| INVOKING Heroism.
  4176 | D:5      | 4176 ||| INVOKING Heroism.
  4197 | D:5      | 4197 ||| INVOKING Heroism.
  4405 | D:5      | 4405 ||| Stepping ~*~*~tactically~*~*~ (hiding).
  4462 | D:5      | 4462 ||| INVOKING Heroism.
  4465 | D:5      | Reached skill level 3 in Dodging
  4538 | D:5      | Found a runed translucent door.
  4539 | D:5      | Noticed Crazy Yiuf
  4921 | D:5      | 4921 ||| UPGRADING to +0 kite shield.
  4931 | D:5      | 4931 ||| DROPPING +0 buckler.
  5024 | D:6      | Noticed Menkaure
  5025 | D:6      | 5025 ||| FLEEEEING.
  5032 | D:6      | 5032 ||| STAIRDANCE
  5298 | D:6      | 5298 ||| Stepping ~*~*~tactically~*~*~ (hiding).
  5299 | D:6      | 5299 ||| INVOKING Heroism.
  5304 | D:6      | Killed Menkaure
  5305 | D:6      | Reached skill level 3 in Shields
  5560 | D:6      | 5560 ||| Stepping ~*~*~tactically~*~*~ (stealth).
  5633 | D:6      | 5633 ||| Stepping ~*~*~tactically~*~*~ (hiding).
  5634 | D:6      | 5634 ||| Stepping ~*~*~tactically~*~*~ (hiding).
  5636 | D:6      | 5636 ||| Stepping ~*~*~tactically~*~*~ (hiding).
  5637 | D:6      | 5637 ||| Stepping ~*~*~tactically~*~*~ (hiding).
  5646 | D:6      | 5646 ||| FLEEEEING.
  5647 | D:6      | 5647 ||| FLEEEEING.
  5648 | D:6      | 5648 ||| FLEEEEING.
  5649 | D:6      | 5649 ||| FLEEEEING.
  5650 | D:6      | 5650 ||| FLEEEEING.
  5651 | D:6      | 5651 ||| FLEEEEING.
  5653 | D:6      | 5653 ||| FLEEEEING.
  5654 | D:6      | 5654 ||| FLEEEEING.
  5657 | D:6      | 5657 ||| FLEEEEING.
  5658 | D:6      | 5658 ||| FLEEEEING.
  5660 | D:6      | 5660 ||| FLEEEEING.
  5661 | D:6      | 5661 ||| FLEEEEING.
  5662 | D:6      | 5662 ||| FLEEEEING.
  5663 | D:6      | 5663 ||| FLEEEEING.
  5664 | D:6      | 5664 ||| FLEEEEING.
  5665 | D:6      | 5665 ||| FLEEEEING.
  5668 | D:6      | 5668 ||| FLEEEEING.
  5669 | D:6      | 5669 ||| FLEEEEING.
  5676 | D:6      | 5676 ||| INVOKING Heroism.
  5997 | D:6      | 5997 ||| INVOKING Heroism.
  6231 | D:6      | 6231 ||| READING scroll labelled ODALOROH OLIYM.
  6232 | D:6      | 6232 ||| READING scroll labelled NOAREB ZUCSI.
  6233 | D:6      | 6233 ||| DRINKING 2 amethyst potions.
  6266 | D:6      | 6266 ||| READING 7 scrolls of identify.
  6266 | D:6      | 6266 ||| IDENTIFYING sedimented cyan potion
  6267 | D:6      | 6267 ||| DRINKING potion of experience.
  6267 | D:6      | Reached XP level 9. HP: 50/50 MP: 13/13
  6268 | D:6      | 6268 ||| DROPPING potion of lignification.
  6302 | D:7      | 6302 ||| INVOKING Heroism.
  6360 | D:7      | Found a broken altar of Ashenzari.
  6367 | D:7      | 6367 ||| Stepping ~*~*~tactically~*~*~ (hiding).
  6368 | D:7      | 6368 ||| INVOKING Heroism.
  6389 | D:7      | 6389 ||| Stepping ~*~*~tactically~*~*~ (stealth).
  6390 | D:7      | 6390 ||| Stepping ~*~*~tactically~*~*~ (stealth).
  6408 | D:7      | 6408 ||| FLEEEEING.
  6409 | D:7      | 6409 ||| FLEEEEING.
  6576 | D:7      | 6576 ||| INVOKING Heroism.
  6656 | D:7      | 6656 ||| INVOKING Heroism.
  6661 | D:7      | Reached XP level 10. HP: 51/56 MP: 11/14
  6688 | D:7      | 6688 ||| INVOKING Heroism.
  6701 | D:7      | Found Woakheast's Distillery.
  6710 | D:7      | 6710 ||| FLEEEEING.
  6711 | D:7      | 6711 ||| FLEEEEING.
  6712 | D:7      | 6712 ||| FLEEEEING.
  6713 | D:7      | 6713 ||| FLEEEEING.
  6714 | D:7      | 6714 ||| FLEEEEING.
  6714 | D:7      | HP: 14/56 [poisoned by a scorpion]
  6715 | D:7      | 6715 ||| FLEEEEING.
  6715 | D:7      | HP: 1/56 [orc priest/divine providence (13)]
  6716 | D:7      | 6716 ||| FLEEEEING.
  6717 | D:7      | 6717 ||| FLEEEEING.
  6718 | D:7      | 6718 ||| FLEEEEING.
  6719 | D:7      | 6719 ||| FLEEEEING.
  6720 | D:7      | 6720 ||| FLEEEEING.
  6721 | D:7      | 6721 ||| FLEEEEING.
  6722 | D:7      | 6722 ||| FLEEEEING.
  6723 | D:7      | 6723 ||| FLEEEEING.
  6724 | D:7      | 6724 ||| FLEEEEING.
  6725 | D:7      | 6725 ||| FLEEEEING.
  6726 | D:7      | 6726 ||| FLEEEEING.
  6727 | D:7      | 6727 ||| FLEEEEING.
  6728 | D:7      | 6728 ||| FLEEEEING.
  6729 | D:7      | 6729 ||| FLEEEEING.
  6730 | D:7      | 6730 ||| FLEEEEING.
  6731 | D:7      | 6731 ||| FLEEEEING.
  6732 | D:7      | 6732 ||| FLEEEEING.
  6733 | D:7      | 6733 ||| DRINKING potion of heal wounds.
  6734 | D:7      | 6734 ||| INVOKING Heroism.
  6895 | D:7      | 6895 ||| Stepping ~*~*~tactically~*~*~ (stealth).
  6902 | D:7      | Reached skill level 9 in Axes
  6933 | D:7      | 6933 ||| Stepping ~*~*~tactically~*~*~ (stealth).
  6934 | D:7      | 6934 ||| Stepping ~*~*~tactically~*~*~ (stealth).
  6942 | D:7      | 6942 ||| Stepping ~*~*~tactically~*~*~ (stealth).
  6943 | D:7      | 6943 ||| Stepping ~*~*~tactically~*~*~ (stealth).
  6948 | D:7      | 6948 ||| Stepping ~*~*~tactically~*~*~ (stealth).
  6951 | D:7      | 6951 ||| Stepping ~*~*~tactically~*~*~ (hiding).
  6956 | D:7      | 6956 ||| INVOKING Heroism.
  6959 | D:7      | 6959 ||| Stepping randomly (cloudy).
  6960 | D:7      | 6960 ||| Stepping randomly (cloudy).
  6972 | D:7      | 6972 ||| Stepping ~*~*~tactically~*~*~ (stealth).
  6975 | D:7      | 6975 ||| Stepping ~*~*~tactically~*~*~ (stealth).
  6989 | D:7      | 6989 ||| Stepping ~*~*~tactically~*~*~ (stealth).
  7010 | D:7      | 7010 ||| FLEEEEING.
  7011 | D:7      | 7011 ||| FLEEEEING.
  7015 | D:7      | 7015 ||| FLEEEEING.
  7016 | D:7      | 7016 ||| FLEEEEING.
  7020 | D:7      | 7020 ||| FLEEEEING.
  7021 | D:7      | 7021 ||| FLEEEEING.
  7022 | D:7      | 7022 ||| FLEEEEING.
  7023 | D:7      | 7023 ||| FLEEEEING.
  7024 | D:7      | 7024 ||| FLEEEEING.
  7028 | D:7      | 7028 ||| FLEEEEING.
  7029 | D:7      | 7029 ||| FLEEEEING.
  7030 | D:7      | 7030 ||| FLEEEEING.
  7031 | D:7      | 7031 ||| FLEEEEING.
  7042 | D:7      | 7042 ||| Stepping ~*~*~tactically~*~*~ (stealth).
  7043 | D:7      | 7043 ||| Stepping ~*~*~tactically~*~*~ (stealth).
  7093 | D:7      | 7093 ||| DROPPING +0 flail.
  7124 | D:7      | Identified the +3 war axe "Xyumuv" {vorpal, rN+}
  7143 | D:7      | Found a staircase to the Ecumenical Temple.
  7155 | D:7      | 7155 ||| BUYING potion of curing (45 gold).
  7155 | D:7      | Bought a potion of curing for 45 gold pieces
  7155 | D:7      | 7155 ||| BUYING potion of curing (45 gold).
  7155 | D:7      | Bought a potion of curing for 45 gold pieces
  7155 | D:7      | 7155 ||| BUYING potion of haste (150 gold).
  7155 | D:7      | Bought a potion of haste for 150 gold pieces
  7155 | D:7      | 7155 ||| BUYING potion of haste (150 gold).
  7155 | D:7      | Bought a potion of haste for 150 gold pieces
  7155 | D:7      | 7155 ||| BUYING potion of mutation (120 gold).
  7155 | D:7      | Bought a potion of mutation for 120 gold pieces
  7365 | D:7      | 7365 ||| Stepping ~*~*~tactically~*~*~ (stealth).
  7367 | D:7      | 7367 ||| Stepping ~*~*~tactically~*~*~ (hiding).
  7372 | D:7      | 7372 ||| Stepping ~*~*~tactically~*~*~ (hiding).
  7395 | D:7      | 7395 ||| Stepping ~*~*~tactically~*~*~ (stealth).
  7441 | D:7      | 7441 ||| FLEEEEING.
  7442 | D:7      | 7442 ||| FLEEEEING.
  7443 | D:7      | 7443 ||| FLEEEEING.
  7444 | D:7      | 7444 ||| FLEEEEING.
  7445 | D:7      | 7445 ||| FLEEEEING.
  7446 | D:7      | 7446 ||| FLEEEEING.
  7447 | D:7      | 7447 ||| FLEEEEING.
  7448 | D:7      | 7448 ||| FLEEEEING.
  7449 | D:7      | 7449 ||| FLEEEEING.
  7450 | D:7      | 7450 ||| FLEEEEING.
  7451 | D:7      | 7451 ||| FLEEEEING.
  7452 | D:7      | 7452 ||| FLEEEEING.
  7453 | D:7      | 7453 ||| FLEEEEING.
  7454 | D:7      | 7454 ||| FLEEEEING.
  7455 | D:7      | 7455 ||| FLEEEEING.
  7456 | D:7      | 7456 ||| FLEEEEING.
  7457 | D:7      | 7457 ||| FLEEEEING.
  7463 | D:7      | 7463 ||| STAIRDANCE
  7896 | D:7      | 7896 ||| Stepping ~*~*~tactically~*~*~ (stealth).
  8268 | D:7      | 8268 ||| READING 6 scrolls of identify.
  8268 | D:7      | 8268 ||| IDENTIFYING sedimented blue potion
  8291 | D:7      | 8291 ||| INVOKING Heroism.
  8320 | D:8      | Found a glowing golden altar of the Shining One.
  8320 | D:8      | Found a blossoming altar of Fedhas.
  8321 | D:8      | 8321 ||| INVOKING Heroism.
  8322 | D:8      | 8322 ||| STAIRDANCE
  8340 | D:8      | 8340 ||| STAIRDANCE
  8385 | D:8      | 8385 ||| Stepping ~*~*~tactically~*~*~ (stealth).
  8386 | D:8      | 8386 ||| Stepping ~*~*~tactically~*~*~ (stealth).
  8404 | D:8      | 8404 ||| INVOKING Heroism.
  8408 | D:8      | 8408 ||| Stepping ~*~*~tactically~*~*~ (stealth).
  8412 | D:8      | Reached skill level 6 in Shields
  8504 | D:8      | 8504 ||| INVOKING Heroism.
  8657 | D:8      | Found a snail-covered altar of Cheibriados.
  8659 | D:8      | 8659 ||| Stepping ~*~*~tactically~*~*~ (stealth).
  8666 | D:8      | 8666 ||| FLEEEEING.
  8667 | D:8      | 8667 ||| FLEEEEING.
  8668 | D:8      | 8668 ||| FLEEEEING.
  8672 | D:8      | 8672 ||| FLEEEEING.
  8674 | D:8      | 8674 ||| STAIRDANCE
  8723 | D:8      | Reached *** piety under Okawaru
  8828 | D:8      | 8828 ||| INVOKING Heroism.
  8848 | D:8      | 8848 ||| Stepping ~*~*~tactically~*~*~ (stealth).
  8850 | D:8      | 8850 ||| Stepping ~*~*~tactically~*~*~ (stealth).
  8852 | D:8      | 8852 ||| Stepping ~*~*~tactically~*~*~ (stealth).
  8866 | D:8      | Found a runed translucent gate.
  8866 | D:8      | Found a runed translucent gate.
  8868 | D:8      | Found a runed translucent gate.
  9395 | D:8      | Noticed qw's ghost (novice TeWr)
  9410 | D:8      | 9410 ||| DROPPING ring of wizardry.
  9411 | D:8      | 9411 ||| READING scroll labelled ANIZUV LOEMI.
  9412 | D:8      | 9412 ||| READING 7 scrolls of identify.
  9412 | D:8      | 9412 ||| IDENTIFYING lumpy coppery potion
  9439 | D:9      | 9439 ||| STAIRDANCE
  9489 | D:9      | 9489 ||| STAIRDANCE
  9605 | D:9      | 9605 ||| STAIRDANCE
  9737 | D:9      | 9737 ||| INVOKING Heroism.
  9927 | D:9      | 9927 ||| INVOKING Heroism.
 10003 | D:9      | 10003 ||| DROPPING +2 flail of holy wrath.
 10017 | D:9      | 10017 ||| Stepping ~*~*~tactically~*~*~ (stealth).
 10022 | D:9      | 10022 ||| INVOKING Heroism.
 10039 | D:9      | Found a runed translucent door.
 10040 | D:9      | Noticed qw's ghost (novice TeWr)
 10238 | D:9      | 10238 ||| Stepping ~*~*~tactically~*~*~ (stealth).
 10246 | D:9      | 10246 ||| INVOKING Heroism.
 10681 | D:9      | 10681 ||| Stepping ~*~*~tactically~*~*~ (hiding).
 10683 | D:9      | 10683 ||| INVOKING Heroism.
 10785 | D:9      | 10785 ||| INVOKING Heroism.
 10922 | D:9      | 10922 ||| UPGRADING to +2 cloak.
 10927 | D:9      | 10927 ||| UPGRADING to +4 ring of slaying {mikee}.
 10963 | D:10     | Entered Level 10 of the Dungeon
 10964 | D:10     | 10964 ||| INVOKING Heroism.
 10968 | D:10     | 10968 ||| STAIRDANCE
 11049 | D:10     | 11049 ||| INVOKING Heroism.
 11050 | D:10     | 11050 ||| Stepping ~*~*~tactically~*~*~ (stealth).
 11051 | D:10     | 11051 ||| Stepping ~*~*~tactically~*~*~ (stealth).
 11052 | D:10     | 11052 ||| STAIRDANCE
 11059 | D:9      | Reached XP level 11. HP: 41/63 MP: 13/15
 11306 | D:10     | Reached **** piety under Okawaru
 11312 | D:10     | 11312 ||| FLEEEEING.
 11313 | D:10     | 11313 ||| FLEEEEING.
 11314 | D:10     | 11314 ||| FLEEEEING.
 11326 | D:10     | 11326 ||| FLEEEEING.
 11327 | D:10     | 11327 ||| FLEEEEING.
 11328 | D:10     | 11328 ||| FLEEEEING.
 11329 | D:10     | 11329 ||| FLEEEEING.
 11330 | D:10     | 11330 ||| FLEEEEING.
 11331 | D:10     | 11331 ||| FLEEEEING.
 11332 | D:10     | 11332 ||| FLEEEEING.
 11333 | D:10     | 11333 ||| FLEEEEING.
 11334 | D:10     | 11334 ||| FLEEEEING.
 11335 | D:10     | 11335 ||| FLEEEEING.
 11338 | D:10     | 11338 ||| Stepping ~*~*~tactically~*~*~ (hiding).
 11342 | D:10     | 11342 ||| INVOKING Heroism.
 11389 | D:10     | Found a sacrificial altar of Ru.
 11436 | D:10     | Noticed a green ugly thing
 11442 | D:10     | Killed a green ugly thing
 11446 | D:10     | Found an opulent altar of Gozag.
 11491 | D:10     | Found a hide-covered altar of Uskayaw.
 11529 | D:10     | Found a sparkling altar of Nemelex Xobeh.
 11583 | D:10     | Found a shimmering altar of Xom.
 11584 | D:10     | Noticed a manticore
 11585 | D:10     | 11585 ||| INVOKING Heroism.
 11591 | D:10     | Killed a manticore
 11890 | D:10     | 11890 ||| DROPPING +0 chain mail.
 11891 | D:10     | 11891 ||| UPGRADING to +2 plate armour of willpower.
 11901 | D:10     | 11901 ||| DROPPING +4 ring mail of willpower.
 11902 | D:10     | 11902 ||| UPGRADING to +6 ring of dexterity.
 11904 | D:10     | 11904 ||| DROPPING ring of positive energy.
 11966 | D:11     | Noticed a cyclops
 11967 | D:11     | Noticed a two-headed ogre
 11968 | D:11     | 11968 ||| INVOKING Heroism.
 11974 | D:11     | Killed a cyclops
 11976 | D:11     | 11976 ||| Stepping ~*~*~tactically~*~*~ (stealth).
 11978 | D:11     | Killed a two-headed ogre
 11978 | D:11     | Received a gift from Okawaru
 11979 | D:11     | Reached skill level 3 in Armour
 11984 | D:11     | Noticed a cyclops
 12000 | D:11     | Found a staircase to the Lair.
 12003 | D:11     | 12003 ||| INVOKING Heroism.
 12019 | D:11     | Killed a cyclops
 12028 | D:11     | Reached skill level 6 in Invocations
 12096 | D:11     | Noticed a two-headed ogre
 12097 | D:11     | 12097 ||| INVOKING Heroism.
 12101 | D:11     | Killed a two-headed ogre
 12103 | D:11     | Received a gift from Okawaru
 12297 | D:11     | 12297 ||| INVOKING Heroism.
 12332 | D:11     | Received a gift from Okawaru
 12338 | D:11     | 12338 ||| INVOKING Heroism.
 12558 | D:11     | Found a staircase to the Orcish Mines.
 12628 | D:11     | Noticed a boulder beetle
 12629 | D:11     | 12629 ||| INVOKING Heroism.
 12946 | D:11     | 12946 ||| PLANNING LAIR
 12946 | D:11     | 12946 ||| UPGRADING to +0 pair of gloves.
 12951 | D:11     | 12951 ||| UPGRADING to ring of see invisible.
 12989 | Lair:1   | Entered Level 1 of the Lair of Beasts
 12991 | Lair:1   | 12991 ||| INVOKING Heroism.
 12994 | Lair:1   | Reached XP level 12. HP: 68/68 MP: 15/18
 13021 | Lair:1   | 13021 ||| Stepping ~*~*~tactically~*~*~ (stealth).
 13025 | Lair:1   | 13025 ||| INVOKING Heroism.
 13092 | Lair:1   | 13092 ||| READING scroll of enchant armour.
 13092 | Lair:1   | 13092 ||| ENCHANTING +0 pair of gloves.
 13256 | Lair:1   | Found a runed translucent door.
 13257 | Lair:1   | Noticed qw's ghost (journeyman TeWr)
 13409 | Lair:1   | 13409 ||| Stepping ~*~*~tactically~*~*~ (stealth).
 13412 | Lair:1   | 13412 ||| INVOKING Heroism.
 13418 | Lair:1   | Reached skill level 6 in Armour
 13697 | Lair:1   | 13697 ||| INVOKING Heroism.
 13918 | Lair:1   | 13918 ||| Stepping ~*~*~tactically~*~*~ (stealth).
 13919 | Lair:1   | 13919 ||| Stepping ~*~*~tactically~*~*~ (stealth).
 13922 | Lair:1   | 13922 ||| Stepping ~*~*~tactically~*~*~ (stealth).
 13925 | Lair:1   | 13925 ||| INVOKING Heroism.
 14098 | Lair:1   | 14098 ||| READING 7 scrolls of teleportation.
 14169 | Lair:2   | Noticed a seven-headed hydra
 14170 | Lair:2   | 14170 ||| INVOKING Heroism.
 14172 | Lair:2   | 14172 ||| SWAPPING to +1 flail of draining.
 14180 | Lair:2   | Killed a seven-headed hydra
 14180 | Lair:2   | Received a gift from Okawaru
 14181 | Lair:2   | 14181 ||| SWAPPING to +7 broad axe of Generosity {vorpal,
                  | rElec rCorr Str+4}.
 14183 | Lair:2   | HP: 16/68 [poisoned by a black mamba]
 14184 | Lair:2   | 14184 ||| READING 6 scrolls of teleportation.
 14184 | Lair:2   | HP: 2/68 [poisoned by a black mamba]
 14184 | Lair:2   | Mangled by a black mamba

Levels and vault maps discovered:
D:1:      amcnicky_arrival_gap_in_the_tavern_cellar, layout_rooms, st_stairs_13,
          minmay_circled_x
D:2:      layout_basic, hellmonk_ecumenical_altar_watching_god, minivault_25,
          serial_bayou_pond_c
D:3:      layout_loops_ring, nicolae_dithmenos_through_a_glass_darkly,
          lemuel_round_altar, serial_shops, nicolae_diamond_shop
D:4:      layout_basic, ebering_ghost_disaster_area, grunt_ministairs_4,
          minmay_quadrilaterals
D:5:      layout_layer_cave, mainiacjoe_overflow_tiny_flanked,
          nicolae_grassy_gnolls, uniq_crazy_yiuf_cottage
D:6:      layout_loops_ring, minmay_mini_ossuary, uniq_menkaure
D:7:      corexii_shantytown, layout_layer_cave, ashenzari_altar_1,
          minmay_temple_entry_large_hall, serial_shops,
          nicolae_inconvenience_store, minmay_misc_feat_four_crosses,
          minmay_misc_feat_tiny
D:8:      layout_loops_ring, gammafunk_temple_overflow_forgotten,
          gammafunk_ghost_spectres, kennysheep_generic_room_9
D:9:      layout_loops_corners, hellmonk_ghost_big_iron
D:10:     layout_rooms, lemuel_doored_altar, mainiacjoe_overflow_alcove_1,
          nicolae_ru_awakened_eye, hangedman_feature_mirror
D:11:     layout_roguey [special_room_bee], due_lair_maze_entry_diamond,
          orc_0_dummy
Lair:1:   layout_chaotic_city, ebering_ghost_inner_flame, lemuel_fruit_tree,
          serial_bayou_shore_a, grunt_megastairs_3
Lair:2:   layout_regular_city, palyth_hydra_swamp_entry, st_stairs_13

Skill      XL: |  1  2  3  4  5  6  7  8  9 10 11 12 |
---------------+-------------------------------------+-----
Axes           | 3 4 5 6 7 8 10 11 | 11.4
Shields        | 1 2 5 6 7 |  7.1
Invocations    | 1 3 4 7 8 |  8.3
Fighting       | 3 5 |  5.1
Dodging        | 3 4 |  4.0
Throwing       | 11 | 11.8
Armour         | 2 5 6 |  6.0
Spellcasting   | |  2.0
Translocations | |  2.4

Action                   |  1- 3 |  4- 6 |  7- 9 | 10-12 || total
-------------------------+-------+-------+-------+-------++-------
Melee: Hand axe          |    69 |    75 |       |       ||   144
       Kick              |    25 |    31 |    25 |    89 ||   170
       Peck              |     6 |    13 |    10 |    44 ||    73
       Broad axe         |       |    26 |    98 |   300 ||   424
       Flail             |       |       |       |     7 ||     7
Throw: Boomerang         |     7 |       |       |    18 ||    25
       Javelin           |       |       |    32 |    86 ||   118
Invok: Heroism           |       |     1 |    13 |    30 ||    44
  Use: Scroll            |    14 |     5 |     5 |     6 ||    30
       Potion            |     2 |     4 |     2 |     1 ||     9
Armor: Leather armour    |     8 |       |       |       ||     8
       Ring mail         |     6 |    26 |    30 |    48 ||   110
       Plate armour      |       |       |       |    44 ||    44
Dodge: Dodged            |    25 |    48 |    45 |   149 ||   267
Block: Buckler           |     3 |    15 |     8 |       ||    26
       Kite shield       |       |       |    22 |   176 ||   198

Table legend:
 A = Non-vault XP
 B = Vault XP
 C = Vault XP percentage of total XP
 D = Non-vault monster count
 E = Vault monster count
 F = Vault count percentage of total count
                 A         B        C        D         E       F
            +---------+---------+-------+---------+---------+-------
      Total |   17547 |    5039 |  22.3 |     218 |     104 |  32.3
            +---------+---------+-------+---------+---------+-------
        D:1 |      24 |      19 |  44.2 |      15 |       5 |  25.0
        D:2 |      37 |       0 |   0.0 |      15 |       0 |   0.0
        D:3 |      24 |       0 |   0.0 |      14 |       0 |   0.0
        D:4 |     375 |     174 |  31.7 |      22 |      13 |  37.1
        D:5 |     675 |     245 |  26.6 |      17 |       7 |  29.2
        D:6 |     341 |     191 |  35.9 |      10 |       6 |  37.5
        D:7 |    1020 |     135 |  11.7 |      37 |      36 |  49.3
        D:8 |    1624 |       0 |   0.0 |      22 |       0 |   0.0
        D:9 |    2506 |       0 |   0.0 |      30 |       0 |   0.0
       D:10 |     964 |    1085 |  53.0 |      11 |       2 |  15.4
       D:11 |    3475 |    3190 |  47.9 |       7 |      35 |  83.3
     Lair:1 |    5589 |       0 |   0.0 |      17 |       0 |   0.0
     Lair:2 |     893 |       0 |   0.0 |       1 |       0 |   0.0
            +---------+---------+-------+---------+---------+-------
